 Dungeon Crawl Stone Soup version 0.23.2 (webtiles) character file.

Game seed: 7899259323919304039

288 sagitran the Chopper (level 6, -19/56 HPs)
             Began as a Hill Orc Monk on Apr 9, 2019.
             Blown up by Ijyb (20 damage)
             ... with a wand of disintegration (16)
             ... on level 3 of the Dungeon.
             The game lasted 00:15:56 (2191 turns).

sagitran the Chopper (Hill Orc Monk)                Turns: 2191, Time: 00:15:56

Health: -19/56     AC:  9    Str: 16    XL:     6   Next: 31%
Magic:  0/6        EV:  8    Int: 10    God:
Gold:   129        SH:  8    Dex: 13    Spells: 5/5 levels left

rFire    + . .     SeeInvis .   a - +0 hand axe
rCold    . . .     Gourm    .   i - +0 shield
rNeg     . . .     Faith    .   r - +1 scale mail {rF+}
rPois    .         Spirit   +   (no helmet)
rElec    .         Reflect  .   e - +0 cloak
rCorr    .         Harm     .   o - +0 pair of gloves
MR       .....                  (no boots)
Stlth    +.........             g - amulet of guardian spirit
HPRegen  0.18/turn              (no ring)
MPRegen  0.10/turn              (no ring)

@: hasted, very quick
A: no striking features
a: no special abilities


You were on level 3 of the Dungeon.
You were not hungry.

You visited 1 branch of the dungeon, and saw 3 of its levels.

You collected 129 gold pieces.

Inventory:

Hand Weapons
 a - a +0 hand axe (weapon)
 f - a cursed -3 short sword
 k - a +3 whip
Armour
 d - a +0 large shield
 e - a +0 cloak (worn)
 i - a +0 shield (worn)
 o - a +0 pair of gloves (worn)
 r - a +1 scale mail of fire resistance (worn)
Jewellery
 g - an amulet of guardian spirit (around neck)
 q - an uncursed ring of positive energy {unknown}
Scrolls
 m - 2 scrolls of remove curse {unknown}
 n - 2 scrolls of identify {unknown}
 p - a scroll of random uselessness {unknown}
Comestibles
 c - 4 rations


   Skills:
 * Level 5.6 Fighting
 + Level 5.8 Axes
 + Level 0.5 Armour
 + Level 3.4 Dodging
 + Level 2.1 Stealth
 + Level 1.4 Shields


You had 5 spell levels left.
You didn't know any spells.
Your spell library was empty.

Dungeon Overview and Level Annotations

Branches:
Dungeon (3/15)

Altars:

Annotations:
D:3 1 runed translucent door, Crazy Yiuf, Ijyb


Message History

You completely miss Ijyb.
Ijyb is heavily wounded.
You block Ijyb's attack.
You hit Ijyb.
Ijyb is severely wounded.
Ijyb zaps a wand.
You are blasted!
* * * LOW HITPOINT WARNING * * *
You closely miss Ijyb.
Ijyb is severely wounded.
You hit Ijyb but do no damage.
Ijyb is severely wounded.
Ijyb barely misses you.
You hit Ijyb but do no damage.
Ijyb is severely wounded.
Ijyb screams, "I dance on your bones!" You block Ijyb's attack.
You hit Ijyb.
Ijyb is severely wounded.
Ijyb zaps a wand.
You are blasted!
You die...

##'#######
#
#........#
#
#........#
#.##
#........#
#...
#....(...#
#.##
#........#
#))).....#
#.<......#
##@#######
#g.......
##
#...#####
#. #...#
## #...+
#...#
#...#
##+##


You could see Ijyb.

Vanquished Creatures
  Sigmund (D:2)
  An orc wizard (D:3)
  Terence (D:2)
  An adder (D:2)
  An ooze (D:1)
  2 worms
  4 dart slugs
  2 orcs (D:3)
  2 ball pythons
  A giant cockroach (D:1)
  5 goblins
  8 hobgoblins
  7 jackals (D:2)
  A quokka (D:2)
  3 frilled lizards
  5 kobolds
  8 rats
53 creatures vanquished.

Notes
Turn   | Place    | Note
-------+----------+-------------------------------------------
     0 | D:1      | sagitran the Hill Orc Monk began the quest for the Orb.
     0 | D:1      | Reached XP level 1. HP: 19/19 MP: 1/1
   247 | D:1      | Reached XP level 2. HP: 27/27 MP: 2/2
   528 | D:1      | Reached XP level 3. HP: 19/33 MP: 1/3
  1129 | D:2      | Noticed Sigmund
  1378 | D:2      | Reached XP level 4. HP: 23/41 MP: 4/4
  1509 | D:3      | Found a runed translucent door.
  1510 | D:3      | Noticed Crazy Yiuf
  1569 | D:3      | Noticed Terence
  1597 | D:2      | Killed Terence
  1640 | D:2      | Killed Sigmund
  1640 | D:2      | Reached skill level 5 in Fighting
  1640 | D:2      | Reached skill level 5 in Axes
  1640 | D:2      | Reached skill level 1 in Shields
  1640 | D:2      | Reached XP level 5. HP: 5/48 MP: 1/5
  1640 | D:2      | Reached XP level 6. HP: 6/56 MP: 1/6
  2167 | D:3      | Noticed Ijyb
  2187 | D:3      | HP: 1/56 [disintegration (19)]
  2191 | D:3      | Blown up by Ijyb

Skill      XL: |  1  2  3  4 |
---------------+-------------+-----
Fighting       | 4 5 |  5.6
Dodging        | 3 |  3.4
Axes           | 5 |  5.8
Stealth        | 2 |  2.1
Shields        | 1 |  1.4
Armour         | |  0.5

Action                   |  1- 3 |  4- 6 || total
-------------------------+-------+-------++-------
Melee: Hand axe          |   111 |    82 ||   193
  Use: Potion            |     1 |     4 ||     5
 Stab: Sleeping          |     2 |       ||     2
  Eat: Ration            |     1 |     1 ||     2
Armor: Robe              |    24 |     5 ||    29
       Scale mail        |       |    22 ||    22
Dodge: Dodged            |    67 |    33 ||   100
Block: Shield            |    33 |    20 ||    53
